 Dungeon Crawl Stone Soup version 0.31-a0-920-g28cbb04a8c (webtiles) character file.

Game seed: 15445468599403119236

255904 CryptoCactus the Slayer (level 19, -17/170 HPs)
             Began as a Minotaur Fighter on Oct 13, 2023.
             Was an Initiate of Jiyva.
             Demolished by a +1 vampiric war axe (21 damage)
             ... animated by Zenata
             ... on level 1 of the Elven Halls on Oct 17, 2023.
             The game lasted 03:12:44 (44367 turns).

CryptoCactus the Slayer (Minotaur Fighter)         Turns: 44367, Time: 03:12:44

Health: -17/170    AC: 15    Str: 21    XL:     19   Next: 6%
Magic:  12/12      EV: 24    Int: 13    God:    Jiyva [......]
Gold:   2600       SH: 16    Dex: 13    Spells: 16/18 levels left

rFire   . . .        a - +10 whip "Muvus" {drain, Drain rC+ Int+2 Dex+3}
rCold   + . .        f - +1 kite shield {rPois}
rNeg    . . .        s - +0 acid dragon scales
rPois   +            j - +1 hat
rElec   .            W - +2 cloak
rCorr   +            T - +0 pair of gloves
SInv    .            t - +2 pair of boots
Will    ++...        (no amulet)
Stlth   +            V - ring of Miarr {Will+ EV+5}
HPRegen 0.48/turn    d - +4 ring of slaying
MPRegen 0.13/turn

%: no passive effects
@: unable to drink
A: horns 2, retaliatory headbutt, clumsy 1, deformed body, frail 1, low MP 3,
screaming 1, inability to drink after injury 2
}: 2/15 runes: serpentine, barnacled
a: Renounce Religion


You were on level 1 of the Elven Halls.
You worshipped Jiyva.
Jiyva was noncommittal.
You visited 9 branches of the dungeon, and saw 38 of its levels.
You also visited: Sewer.

You collected 3656 gold pieces.
You spent 1056 gold pieces at shops.

Inventory:

Hand Weapons
 a - the +10 whip "Muvus" (weapon) {drain, Drain rC+ Int+2 Dex+3}
   (You took it off an orc on level 3 of the Dungeon)

   Int+2:     It affects your intelligence (+2).
   Dex+3:     It affects your dexterity (+3).
   rC+:       It protects you from cold.
   Drain:     It drains your maximum health when unequipped.
Missiles
 p - 15 curare-tipped darts
 z - 5 throwing nets
Armour
 b - +4 storm dragon scales {Bai Suzhen}
 f - a +1 kite shield of poison resistance (worn)
 j - a +1 hat (worn)
 r - a +3 troll leather armour
 s - +0 acid dragon scales (worn)
 t - a +2 pair of boots (worn)
 T - a +0 pair of gloves (worn)
 W - a +2 cloak (worn)
Jewellery
 d - a +4 ring of slaying (right hand)
 k - an amulet of guardian spirit
 w - a +4 ring of protection
 B - a ring of see invisible
 O - a ring of protection from fire
 V - the ring of Miarr (left hand) {Will+ EV+5}
   (You bought it in a shop on level 2 of the Orcish Mines)

   [ring of evasion]

   EV+5:      It affects your evasion (+5).
   Will+:     It increases your willpower.
Wands
 u - a wand of paralysis (16) (quivered)
 x - a wand of mindburst (15)
 F - a wand of polymorph (32)
 H - a wand of acid (15)
 L - a wand of flame (31)
 N - a wand of roots (14)
Scrolls
 h - 4 scrolls of teleportation
 m - 7 scrolls of enchant weapon
 q - 5 scrolls of identify
 y - a scroll of summoning {unknown}
 A - a scroll of fog
 D - 5 scrolls of revelation
 E - a scroll of vulnerability
 G - a scroll of fear
 M - 3 scrolls of silence
 U - a scroll of brand weapon
 Y - 2 scrolls of enchant armour
 Z - a scroll of poison
Potions
 c - a potion of lignification
 e - 3 potions of resistance
 g - 14 potions of curing
 i - 6 potions of might
 l - 4 potions of haste
 o - 4 potions of brilliance
 v - 3 potions of enlightenment
 C - 5 potions of magic
 K - 7 potions of ambrosia


   Skills:
 - Level 21.0 Fighting
 - Level 9.2 Long Blades
 - Level 18.3 Maces & Flails
 - Level 11.0 Armour
 + Level 18.5 Dodging
 - Level 21.0 Shields


You had 16 spell levels left.
You knew the following spells:

 Your Spells              Type           Power      Damage    Failure   Level
a - Blink                 Tloc           0%         N/A       56%         2

Your spell library contained the following spells:

 Spells                   Type           Power      Damage    Failure   Level
 Apportation              Tloc           0%         N/A       43%         1
 Magic Dart               Conj           0%         1d3       43%         1
 Necrotise                Necr           0%         1d4       43%         1
 Sandblast                Erth           0%         2d4       43%         1
 Sting                    Tmut/Pois      0%         1d3       43%         1
 Summon Small Mammal      Summ           0%         N/A       43%         1
 Cigotuvi's Dreadful Rot  Necr/Pois/Air  0%         N/A       56%         2
 Jinxbite                 Hex            0%         N/A       56%         2
 Lesser Beckoning         Tloc           0%         N/A       56%         2
 Poisonous Vapours        Pois/Air       0%         N/A       56%         2
 Searing Ray              Conj           0%         2d4       56%         2
 Static Discharge         Conj/Air       0%         2-2/arc   56%         2
 Sublimation of Blood     Necr           0%         N/A       56%         2
 Wereblood                Tmut           0%         N/A       56%         2
 Call Canine Familiar     Summ           0%         N/A       80%         3
 Dazzling Flash           Conj/Hex       0%         N/A       80%         3
 Gell's Gravitas          Tloc           0%         N/A       80%         3
 Ignite Poison            Fire/Tmut/Pois 0%         N/A       80%         3
 Mephitic Cloud           Conj/Pois/Air  0%         N/A       80%         3
 Stone Arrow              Conj/Erth      0%         3d7       80%         3
 Summon Guardian Golem    Hex/Summ       0%         N/A       80%         3
 Teleport Other           Tloc           0%         N/A       80%         3
 Airstrike                Air            0%         2d(0-16)  99%         4
 Brom's Barrelling Bould  Conj/Erth      0%         2d3       99%         4
 Fulminant Prism          Conj/Hex       0%         3d5       99%         4
 Manifold Assault         Tloc           0%         N/A       99%         4
 Olgreb's Toxic Radiance  Pois           0%         N/A       99%         4
 Summon Lightning Spire   Summ/Air       0%         N/A       99%         4
 Agony                    Necr           0%         N/A       100%        5
 Alistair's Intoxication  Tmut/Pois      0%         N/A       100%        5
 Fireball                 Conj/Fire      0%         3d3       100%        5
 Freezing Cloud           Conj/Ice/Air   0%         6-21      100%        5
 Iskenderun's Battlesphe  Conj           0%         2d6       100%        5
 Silence                  Hex/Air        0%         N/A       100%        5
 Conjure Ball Lightning   Conj/Air       0%         3x3d6     100%        6
 Orb of Destruction       Conj           0%         9d5       100%        7
 Summon Hydra             Summ           0%         N/A       100%        7
 Shatter                  Erth           0%         3d5*      100%        9


Dungeon Overview and Level Annotations

Branches:
Dungeon (15/15)            Temple (1/1) D:7            Lair (5/5) D:9
 Shoals (4/4) Lair:3        Snake (4/4) Lair:3        Slime (5/5) Lair:4
    Orc (2/2) D:10            Elf (1/3) Orc:2        Vaults (1/5) D:13
 Depths (0/4) D:15          Sewer (visited)

Altars:
Ashenzari
Cheibriados
Dithmenos
Elyvilon
Fedhas
Gozag
Hepliaklqana
Kikubaaqudgha
Makhleb
Nemelex Xobeh
Okawaru
Qazlal
Ru
Sif Muna
Trog
Uskayaw
Vehumet
Wu Jian
Xom
Yredelemnul
Zin
The Shining One
Jiyva

Shops:
D:8 *   Orc:2 *=(=   Snake:1 ?

Annotations:
D:13 2 transporters, pokeman's ghost, journeyman DEHW
Lair:1 Gastronok
Snake:2 1 runed translucent door, exclusion: door, croobank's ghost, adept DsIE
Snake:3 2 transporters, Kyhiruh's ghost, journeyman DrSh
Slime:2 exclusion: upstairs
Slime:3 Dissolution
Slime:5 Royal Jelly
Orc:1 2 transporters, Pedyestre's ghost, journeyman DsIE
Elf:1 Zenata


Innate Abilities, Weirdness & Mutations

You have a pair of horns on your head.
You reflexively headbutt those who attack you in melee.
You are clumsy. (Dex -2)
Armour fits poorly on your strangely shaped body.
You are frail. (-10% HP)
Your magical capacity is extremely low. (-30% MP)
You occasionally shout uncontrollably at your foes.
You sometimes lose the ability to drink potions when taking damage.


Message History

You hit Zenata but do no damage. You drain Zenata. Your headbutt misses Zenata.
Zenata is almost dead.
The +1 vampiric war axe hits you!
* * * LOW HITPOINT WARNING * * *
You block Zenata's attack.
You hit Zenata. You headbutt Zenata!
Zenata is almost dead.
You block the +1 vampiric war axe's attack.
Zenata gestures, and weapons take to the air!
You barely miss Zenata.
Zenata is almost dead.
You block the +1 vampiric war axe's attack.
The +1 vampiric war axe hits you.
* * * LOW HITPOINT WARNING * * *
You hit Zenata but do no damage.
Zenata is almost dead.
The +1 vampiric war axe misses you. You furiously retaliate!
You headbutt the +1 vampiric war axe! You block Zenata's attack.
You closely miss Zenata.
Zenata is almost dead.
The +1 vampiric war axe hits you.
* * * LOW HITPOINT WARNING * * *
The +1 vampiric war axe draws strength from your wounds!
You whack Zenata! You drain Zenata. Your headbutt misses Zenata.
Zenata is almost dead.
The +1 vampiric war axe misses you. Zenata casts a spell at you.
A blast of power from the earth and the +1 vampiric war axe strikes you!
* * * LOW HITPOINT WARNING * * *
You feel threatened and lose the ability to drink potions!
You hit Zenata but do no damage.
Zenata is almost dead.
The +1 vampiric war axe hits you!
* * * LOW HITPOINT WARNING * * *
The +1 vampiric war axe draws strength from your wounds!
You hit Zenata. You headbutt Zenata, but do no damage.
Zenata is almost dead.
The +2 war axe of freezing disappears in a puff of smoke!
The +1 vampiric war axe hits you!!
You die...

#........[. .
# #..........
## #○..## ####
##( ###..##
##..#####(#
##..#
#....#...##
##..##
#....#.(##.
#...)#
#......(..#
##..(##
#......>.##
#..#@##
#....>...#
#####a##
#........#
##(##
##.#######
##)###..# ...
##.#...#...#
##.#...#
######.#....#
#..##.###....#
####..#.##
##...#


You could see Zenata (drained) and 2 dancing weapons.

Vanquished Creatures
  Bai Suzhen (Shoals:2)
  Saint Roka (Snake:3)
  Vashnia (Snake:4)
  Nikola (Snake:1)
  Jorgrun (D:13)
  Mlioglotl (Shoals:3)
  Rupert (D:14)
  Polyphemus (Shoals:4)
  Agnes (Elf:1)
  Donald (Shoals:4)
  Kirke (Shoals:4)
  Aizul (Snake:4)
  8 nagarajas
  Ilsuiw (Shoals:4)
  3 rockslimes
  2 azure jellies
  A frost giant (Shoals:3)
  2 deep elf sorcerers
  A formless jellyfish (Shoals:4)
  4 quicksilver oozes
  Azrael (Snake:2)
  Nessos (D:13)
  A deep elf annihilator (Elf:1)
  A deep elf demonologist (Orc:2)
  Snorg (D:13)
  2 ettins
  12 merfolk impalers
  A merfolk javelineer (Shoals:4)
  2 fire dragons
  An ice dragon (D:15)
  7 centaur warriors
  4 salamander tyrants
  3 catoblepae
  5 merfolk avatars
  5 boulder beetles
  9 anacondas
  4 hydras
  A two-headed ogre (D:11)
  2 satyrs
  4 merfolk aquamancers
  A dancing weapon (Elf:1)
  A tengu warrior (D:11)
  2 death yaks (Shoals:4)
  16 naga warriors
  2 orc high priests (Elf:1)
  14 naga sharpshooters
  7 shock serpents
  Urug (Lair:5)
  2 deep elf knights (Orc:2)
  4 salamander mystics
  An arcanist (Elf:1)
  16 sea snakes
  A swamp dragon (Lair:5)
  2 occultists
  9 naga ritualists
  2 harpies (Shoals:4)
  5 deep elf archers
  An orc knight (Orc:2)
  3 lindwurms
  16 deep elf pyromancers
  7 manticores
  12 deep elf zephyrmancers
  8 mana vipers
  2 shining eyes
  7 ugly things
  5 cyclopes
  6 orc sorcerers
  7 fauns
  22 salamanders
  Maurice (D:8)
  15 elephants
  8 guardian serpents
  39 black mambas
  2 water nymphs
  6 merfolk sirens
  21 naga magi
  A torpor snail (Lair:5)
  A gargoyle (D:11)
  2 eyes of devastation
  Psyche (D:8)
  13 cane toads
  2 unseen horrors
  8 komodo dragons
  A kobold demonologist (D:14)
  6 rime drakes
  2 tengu conjurers (D:12)
  A queen bee (D:10)
  16 polar bears
  11 trolls
  22 merfolk
  2 wind drakes
  Grinder (Sewer)
  7 blink frogs
  3 hornets
  6 snapping turtles
  4 raiju (Lair:5)
  43 slime creatures
  21 dream sheep
  A spriggan (shapeshifter) (D:15)
  An air elemental (Elf:1)
  2 vampires
  10 water elementals
  8 wyverns
  56 yaks
  2 wraiths (D:13)
  9 fire elementals
  3 basilisks
  3 hogs
  14 vampire mosquitoes (D:12)
  3 steam dragons (Lair:5)
  8 wargs
  64 nagas
  Menkaure (D:6)
  3 acid dragons
  10 water moccasins
  13 hell hounds (Lair:5)
  2 ice beasts (D:9)
  11 black bears (Lair:5)
  38 orc warriors
  A sky beast (D:7)
  26 centaurs
  32 wolves
  7 ogres
  A boggart (Elf:1)
  A phantom (D:6)
  6 kobold brigands
  A necrophage (Sewer)
  15 bullfrogs
  3 gnoll sergeants
  2 scorpions
  5 wights
  30 killer bees
  3 howler monkeys
  13 electric eels
  A hound (D:6)
  15 jellies
  10 orc priests
  7 iguanas
  2 sleepcaps
  21 orc wizards
  16 adders
  16 gnolls
  A river rat (D:3)
  A shadow imp (Sewer)
  7 ufetubi (Sewer)
  An adder zombie (Sewer)
  3 worms
  4 dart slugs
  77 orcs
  6 ball pythons
  8 bats
  A bat zombie (Sewer)
  11 endoplasms
  5 giant cockroaches
  10 goblins
  6 hobgoblins
  42 kobolds
  2 quokkas
  5 frilled lizards
  2 giant cockroach zombies (Sewer)
  3 kobold zombies (Sewer)
  4 rats
1244 creatures vanquished.

Vanquished Creatures (others)
  A great orb of eyes (Elf:1)
  A deep elf zephyrmancer (Elf:1)
  A vampire mosquito (D:13)
  An acid dragon (Lair:5)
  13 jellies (Elf:1)
  An orc (Orc:1)
18 creatures vanquished.

Grand Total: 1262 creatures vanquished

Notes
Turn   | Place    | Note
-------+----------+-------------------------------------------
     0 | D:1      | CryptoCactus the Minotaur Fighter began the quest for the
                  | Orb.
     0 | D:1      | Reached XP level 1. HP: 19/19 MP: 0/0
   315 | D:1      | Reached XP level 2. HP: 26/26 MP: 1/1
  1095 | D:2      | Reached XP level 3. HP: 31/31 MP: 2/2
  1225 | D:2      | Reached skill level 5 in Long Blades
  1488 | D:2      | Reached XP level 4. HP: 39/39 MP: 3/3
  1776 | D:3      | Identified the +10 whip "Muvus" {drain, Drain rC+ Int+2
                  | Dex+3}
  1805 | D:3      | Found a glowing drain.
  1828 | Sewer    | Entered a sewer
  1967 | Sewer    | Reached XP level 5. HP: 13/44 MP: 4/4
  2173 | Sewer    | Found an ancient bone altar of Kikubaaqudgha.
  2183 | Sewer    | Noticed Grinder
  2203 | Sewer    | Paralysed by Grinder for 4 turns
  2210 | Sewer    | Killed Grinder
  2211 | Sewer    | Reached XP level 6. HP: 18/51 MP: 5/5
  2337 | Sewer    | Identified the +5 dire flail "Xucliet" {flame, rC+}
  2416 | Sewer    | Reached XP level 7. HP: 49/57 MP: 6/6
  2600 | D:3      | Reached skill level 1 in Maces & Flails
  3962 | D:5      | Entered Level 5 of the Dungeon
  4030 | D:5      | Reached skill level 5 in Maces & Flails
  4472 | D:5      | Reached XP level 8. HP: 64/64 MP: 7/7
  5137 | D:6      | Noticed Menkaure
  5454 | D:6      | Killed Menkaure
  5884 | D:7      | Reached skill level 10 in Maces & Flails
  6023 | D:7      | Identified the +5 trident "Caruf" {heavy, rElec Dex+3}
  6097 | D:7      | Found a staircase to the Ecumenical Temple.
  6102 | Temple   | Entered the Ecumenical Temple
  6111 | Temple   | Became a worshipper of the Wu Jian Council
  6154 | D:7      | Reached XP level 9. HP: 48/70 MP: 8/8
  6733 | D:8      | Noticed Maurice
  6734 | D:8      | Noticed Psyche
  6919 | D:8      | Reached skill level 5 in Shields
  7177 | D:7      | Paralysed by a hornet for 2 turns
  7409 | D:8      | Reached * piety under Wu Jian
  7486 | D:8      | Killed Psyche
  7487 | D:8      | Reached XP level 10. HP: 71/77 MP: 9/9
  7547 | D:8      | Reached skill level 5 in Armour
  7734 | D:8      | Found Vehia's General Store.
  7758 | D:8      | Something stole 571 gold
  7759 | D:8      | Killed Maurice
  7984 | D:9      | Found a broken altar of Ashenzari.
  8427 | D:9      | Found a staircase to the Lair.
  8436 | D:9      | Reached ** piety under Wu Jian
  8915 | D:9      | Reached skill level 5 in Fighting
  9035 | D:10     | Entered Level 10 of the Dungeon
  9249 | D:10     | Found a staircase to the Orcish Mines.
  9368 | D:10     | Reached XP level 11. HP: 95/95 MP: 10/10
  9368 | D:10     | Reached *** piety under Wu Jian
  9725 | D:10     | Reached skill level 10 in Fighting
  9975 | Lair:1   | Entered Level 1 of the Lair of Beasts
 10698 | Lair:1   | Noticed Gastronok
 11408 | Lair:2   | Reached **** piety under Wu Jian
 11434 | Lair:2   | Noticed a lindwurm
 11435 | Lair:2   | Noticed a lindwurm
 11661 | Lair:2   | Killed a lindwurm
 11662 | Lair:2   | Reached XP level 12. HP: 92/118 MP: 11/11
 11803 | Lair:2   | Reached skill level 15 in Fighting
 12240 | Lair:3   | Noticed a six-headed hydra
 12953 | Lair:3   | Noticed a boulder beetle
 12974 | Lair:3   | Killed a six-headed hydra
 13106 | Lair:3   | Found a staircase to the Snake Pit.
 13176 | Lair:3   | Found a staircase to the Shoals.
 13922 | Lair:4   | Found a viscous altar of Jiyva.
 13922 | Lair:4   | Found a staircase to the Slime Pits.
 14188 | Lair:4   | Reached ***** piety under Wu Jian
 14227 | Lair:4   | Noticed a catoblepas
 14237 | Lair:4   | Killed a catoblepas
 14398 | Lair:4   | Reached XP level 13. HP: 124/136 MP: 12/12
 14808 | Lair:4   | Upgraded the game from 0.31-a0-876-gfe8ebadbca to
                  | 0.31-a0-889-g1a8549509d
 14856 | Lair:5   | Entered Level 5 of the Lair of Beasts
 15864 | Lair:5   | Reached skill level 10 in Shields
 15892 | Lair:5   | Reached ****** piety under Wu Jian
 16264 | Lair:5   | Reached XP level 14. HP: 101/151 MP: 13/13
 16734 | Lair:5   | Noticed Urug
 16749 | Lair:5   | Killed Urug
 18186 | D:11     | Learned a level 2 spell: Blink
 18510 | D:11     | Found a hide-covered altar of Uskayaw.
 18566 | D:11     | You fall into a shaft and drop 2 floors!
 18601 | D:13     | Found a gate to the Vaults.
 18724 | D:12     | Reached skill level 15 in Shields
 19868 | Orc:1    | Entered Level 1 of the Orcish Mines
 19939 | Orc:2    | Entered Level 2 of the Orcish Mines
 20205 | Orc:1    | Found a transporter.
 20211 | Orc:1    | Noticed Pedyestre's ghost (journeyman DsIE)
 20213 | Orc:1    | Noticed an orc warlord
 20473 | Orc:1    | Found a transporter.
 21118 | Orc:2    | Found a staircase to the Elven Halls.
 21157 | Orc:2    | Reached XP level 15. HP: 158/158 MP: 14/14
 21306 | Orc:2    | Found Mawnorr's Antique Weapon Emporium.
 21306 | Orc:2    | Found Uwka's Jewellery Boutique.
 21308 | Orc:2    | Found Halar's General Store.
 21310 | Orc:2    | Found Zebryup's Jewellery Shoppe.
 21329 | Orc:2    | Bought the ring of Miarr {Will+ EV+5} for 680 gold pieces
 21567 | Shoals:1 | Entered Level 1 of the Shoals
 21685 | Snake:1  | Entered Level 1 of the Snake Pit
 21943 | Orc:2    | Bought a +3 chain mail of poison resistance for 376 gold
                  | pieces
 22304 | Snake:1  | Found a shimmering blue altar of Sif Muna.
 22738 | Snake:1  | Found Tubb's Magic Scroll Shoppe.
 22802 | Snake:1  | Upgraded the game from 0.31-a0-889-g1a8549509d to
                  | 0.31-a0-920-g28cbb04a8c
 24889 | Shoals:4 | Identified the "Yrhuss"
 24889 | Vaults:5 | Identified the "Muaxtic"
 24889 | Vaults:5 | Identified the "Methob"
 24889 | Crypt:2  | Identified the of Ischyaf
 24889 | Crypt:3  | Identified the of Peyminaf
 24889 | Elf:1    | Entered Level 1 of the Elven Halls
 24889 | Elf:1    | Noticed a deep elf sorcerer
 24896 | Orc:2    | Killed a deep elf sorcerer
 25141 | D:13     | Noticed Snorg
 25154 | D:13     | Noticed Nessos
 25287 | D:13     | Killed Nessos
 25312 | D:13     | Noticed Jorgrun
 25360 | D:13     | Killed Jorgrun
 25419 | D:13     | Killed Snorg
 25538 | D:13     | Found a transporter.
 25541 | D:13     | Noticed pokeman's ghost (journeyman DEHW)
 25555 | D:13     | Found a transporter.
 26155 | D:14     | Found an ancient bone altar of Kikubaaqudgha.
 26242 | D:14     | Noticed Rupert
 26265 | D:14     | Killed Rupert
 26327 | D:14     | Reached skill level 10 in Armour
 26824 | D:15     | Entered Level 15 of the Dungeon
 27123 | D:15     | Reached XP level 16. HP: 164/167 MP: 15/15
 27298 | D:15     | Identified the +1 robe "Merex" {rN+}
 27893 | D:15     | Found a staircase to the Depths.
 28337 | Snake:2  | Found a runed translucent door.
 28338 | Snake:2  | Found a shimmering altar of Xom.
 28338 | Snake:2  | Noticed croobank's ghost (adept DsIE)
 28535 | Snake:2  | Noticed Nikola
 28979 | Snake:2  | Reached skill level 15 in Maces & Flails
 29745 | Snake:1  | Killed Nikola
 29824 | Snake:2  | Noticed Azrael
 29918 | Snake:2  | Killed Azrael
 30076 | Snake:2  | Found a bloodstained altar of Trog.
 30638 | Snake:3  | Noticed Kyhiruh's ghost (journeyman DrSh)
 30641 | Snake:3  | Found a transporter.
 30739 | Snake:3  | Found a bloodstained altar of Trog.
 30743 | Snake:3  | Found a transporter.
 31137 | Snake:3  | Reached XP level 17. HP: 163/173 MP: 16/16
 31654 | Snake:4  | Entered Level 4 of the Snake Pit
 31696 | Snake:4  | Reached skill level 1 in Dodging
 31734 | Snake:4  | Noticed Aizul
 31748 | Snake:4  | Killed Aizul
 32242 | Snake:4  | Reached skill level 5 in Dodging
 32447 | Snake:4  | Noticed Saint Roka
 32522 | Snake:3  | Killed Saint Roka
 33167 | Snake:4  | Noticed Vashnia
 33352 | Snake:4  | Killed Vashnia
 33717 | Snake:4  | Reached skill level 10 in Dodging
 33805 | Snake:4  | Got a serpentine rune of Zot
 35505 | Shoals:3 | Noticed Bai Suzhen
 35595 | Shoals:2 | Killed Bai Suzhen
 35866 | Shoals:3 | Gained mutation: You occasionally lose the ability to drink
                  | potions when taking damage. [mutagenic glow]
 35921 | Shoals:2 | Gained mutation: Armour fits poorly on your strangely
                  | shaped body. [mutagenic glow]
 36134 | Shoals:3 | Reached XP level 18. HP: 149/182 MP: 17/17
 36714 | Shoals:4 | Entered Level 4 of the Shoals
 36761 | Shoals:4 | Noticed Mlioglotl
 36783 | Shoals:3 | Killed Mlioglotl
 36840 | Shoals:4 | Noticed Kirke
 36852 | Shoals:4 | Killed Kirke
 36949 | Shoals:4 | Paralysed by a formless jellyfish for 1 turns
 37171 | Shoals:4 | Noticed Donald
 37189 | Shoals:4 | Killed Donald
 37513 | Shoals:4 | Noticed Polyphemus
 37532 | Shoals:4 | Killed Polyphemus
 37704 | Shoals:4 | Noticed Ilsuiw
 37759 | Shoals:4 | Killed Ilsuiw
 37848 | Shoals:4 | Reached skill level 15 in Dodging
 38859 | Shoals:4 | Got a barnacled rune of Zot
 39219 | Slime:1  | Entered Level 1 of the Pits of Slime
 40331 | Slime:2  | Gained mutation: You are frail. (-10% HP) [a shining eye]
 40332 | Slime:2  | Gained mutation: You are clumsy. (Dex -2) [a shining eye]
 40336 | Slime:2  | Gained mutation: Your magical capacity is low. (-10% MP) [a
                  | shining eye]
 40338 | Slime:2  | Gained mutation: Your magical capacity is very low. (-20%
                  | MP) [a shining eye]
 40364 | Slime:2  | Gained mutation: Your magical capacity is extremely low.
                  | (-30% MP) [a shining eye]
 40470 | Slime:3  | Noticed Dissolution
 40698 | Slime:3  | Gained mutation: You sometimes lose the ability to drink
                  | potions when taking damage. [a shining eye]
 40701 | Slime:3  | Gained mutation: You occasionally shout uncontrollably at
                  | your foes. [a shining eye]
 41195 | Lair:4   | Fell from the grace of Wu Jian
 41195 | Lair:4   | Became a worshipper of Jiyva Joiruez the Shapeless
 41823 | Slime:5  | Identified the "Teoveat"
 41823 | Slime:5  | Entered Level 5 of the Pits of Slime
 41823 | Slime:5  | Found the +2 Maxwell's thermic engine {flame, freeze, rev}
 41966 | Slime:5  | Found a viscous altar of Jiyva.
 42105 | Slime:5  | Noticed the Royal Jelly
 42525 | Vaults:1 | Entered Level 1 of the Vaults
 43268 | Elf:1    | Noticed Agnes
 43281 | Elf:1    | Killed Agnes
 43896 | Elf:1    | Reached XP level 19. HP: 170/170 MP: 12/12
 43959 | Elf:1    | Noticed Zenata
 44366 | Elf:1    | HP: 4/170 [+1 vampiric war axe[Zenata] (15)]
 44367 | Elf:1    | Demolished by a +1 vampiric war axe

Illustrated notes

Levels and vault maps discovered:
D:1:      dpeg_cavernosity, layout_loops_ring
D:2:      layout_basic
D:3:      layout_basic, cheibrodos_sewer_entry_sluice
D:4:      layout_cave_pools, serial_bayou_pond_e, nicolae_half_adder
D:5:      layout_loops_ring, st_stairs_10, chequers_serial_rivers_room_a
D:6:      layout_rooms, uniq_menkaure
D:7:      layout_loops_ring, minmay_temple_entry_proselytizer
D:8:      layout_basic, serial_shops, shop, uniq_maurice, uniq_psyche
D:9:      layout_stronghold, nicolae_ashenzari_panopticon,
          hellmonk_lair_entry_icy
D:10:     layout_long_grid, david_orc_2, special_room [special_room_bee]
D:11:     layout_irregular_city, minmay_ruined_shrine
D:12:     layout_cave_pools, minivault_22
D:13:     layout_cave_pools, hellmonk_vaults_attempted_burglary,
          gammafunk_ghost_berserking_beasts, uniq_jorgrun, uniq_snorg,
          uniq_nessos
D:14:     layout_roguey, minmay_misc_feat_doors, drop_trap,
          nicolae_kikubaaqudgha_miasma_corner, uniq_rupert
D:15:     grunt_enter_depths_hoard, layout_gridville, serial_park_fountain
Temple:   grunt_wide_crystal_templ
Lair:1:   layout_cave_pods, chequers_serial_rivers_micro_a, serial_bayou_pond_e,
          cheibrodos_lair_lostbears, uniq_gastronok
Lair:2:   layout_gridlike, serial_bayou_pond_b, nicolae_lair_lindhole
Lair:3:   layout_chaotic_city, elwin_shoals_entry_rooms,
          guppyfry_snake_entry_garden, grunt_megastairs_4
Lair:4:   layout_misc_corridors, minmay_slime_entry_jelly_boxes,
          grunt_megastairs_1, infiniplex_staircase_pool
Lair:5:   hangedman_lair_caniforms_friends, layout_loops_ring,
          guppyfry_lair_end_dragon, hangedman_lair_unloving_vines,
          infiniplex_staircase_pool_2, uniq_urug
Shoals:1: layout_shoals
Shoals:2: layout_shoals
Shoals:3: layout_shoals, uniq_bai_suzhen
Shoals:4: shoals_end_grunt_ice, layout_shoals, shoals_ilsuiw_alternative,
          uniq_donald, uniq_mlioglotl, uniq_polyphemus, uniq_kirke
Snake:1:  layout_basic, serial_shops, shop, basic_altar, grunt_ministairs_11
Snake:2:  layout_misc_corridors, ebering_ghost_xom, basic_altar, special_room,
          uniq_azrael, uniq_nikola
Snake:3:  layout_grid_maze, special_room, gammafunk_ghost_wrathful_warriors
Snake:4:  johnstein_snake_rune_scales, layout_cave_town, grunt_megastairs_3,
          uniq_vashnia, uniq_aizul, uniq_saint_roka
Slime:1:  layout_caves
Slime:2:  layout_caves, cheibrodos_slime_lost_civilization_5
Slime:3:  layout_caves, uniq_dissolution
Slime:4:  layout_caves
Slime:5:  slime_pit_nicolae_inversion
Orc:1:    layout_caves, gammafunk_ghost_arena
Orc:2:    st_orc_rangers, layout_caves, basic_altar, mines2_david
Elf:1:    nicolae_elf_arrival_no_cutting_in_line, layout_rooms,
          gammafunk_ghost_abyssal_escape, hangedman_elf_disciples, uniq_agnes,
          uniq_zenata
Vaults:1: vaults_mumra_chevron_long, nicolae_vaults_hallways_thing,
          nicolae_vaults_six-pack, nicolae_vaults_theta, nicolae_vaults_meiosis,
          nicolae_vaults_two_Ls, vaults_room_pools, vaults_room_semicircle,
          hangedman_vaults_nodes, v_pattern_5, vaults_dpeg_diagonal,
          layout_vaults_omnicross

Skill      XL: |  1  2  3  4  5  6  7  8  9 10 11 12 13 14 15 16 17 18 |
---------------+-------------------------------------------------------+-----
Long Blades    | 3 4 5 6 8 9 |  9.2
Maces & Flails | 6 10 12 18 | 18.3
Shields        | 9 11 17 21 | 21.0
Armour         | 4 9 10 11 | 11.0
Fighting       | 8 14 18 21 | 21.0
Dodging        | 13 18 | 18.5

Action                     |  1- 3 |  4- 6 |  7- 9 | 10-12 | 13-15 | 16-18 | 19-21 || total
---------------------------+-------+-------+-------+-------+-------+-------+-------++-------
  Melee: Long sword        |    78 |   111 |       |       |       |       |       ||   189
         Headbutt          |    11 |    10 |    32 |   154 |   480 |   668 |    24 ||  1379
         Whip              |       |       |   274 |   734 |  1972 |  2373 |    82 ||  5435
         Dire flail        |       |       |     4 |       |       |       |       ||     4
         Punch             |       |       |     3 |       |       |       |       ||     3
Ability: Lunge             |       |       |    10 |    38 |    95 |   106 |       ||   249
         Whirlwind         |       |       |       |   129 |   444 |   682 |       ||  1255
         Wall Jump         |       |       |       |       |     1 |       |       ||     1
  Evoke: Wand              |       |       |     1 |     5 |     2 |    13 |       ||    21
    Use: Scroll            |     4 |     4 |     8 |     7 |    12 |     7 |     1 ||    43
         Potion            |       |     1 |     1 |       |     3 |     8 |     1 ||    14
   Stab: Paralysed         |       |       |       |       |    11 |       |       ||    11
         Petrified         |       |       |       |       |       |     6 |       ||     6
         Petrifying        |       |       |       |       |       |     1 |       ||     1
 Armour: Scale mail        |    54 |    61 |    55 |       |       |       |       ||   170
         Plate armour      |       |       |    67 |   293 |   348 |       |       ||   708
         Troll leather arm |       |       |       |       |   330 |   398 |       ||   728
         Chain mail        |       |       |       |       |    98 |       |       ||    98
         Storm dragon scal |       |       |       |       |       |   157 |       ||   157
         Acid dragon scale |       |       |       |       |       |    76 |    35 ||   111
  Dodge: Dodged            |    42 |   121 |    96 |   146 |   521 |   616 |    34 ||  1576
  Block: Buckler           |    18 |    26 |    29 |   113 |   125 |       |       ||   311
         Kite shield       |       |       |       |       |   547 |  1025 |    45 ||  1617

Table legend: (Time is in decaauts)
 A = Elapsed time spent in this place.
 B = Non-inter-level travel time spent in this place.
 C = Inter-level travel time spent in this place.
 D = Time resting spent in this place.
 E = Time spent auto-exploring this place.
 F = Levels seen in this place.
 G = Mean time per level.
                   A        B        C        D        E       F      G
               +--------+--------+--------+--------+--------+-----+--------+
         Total |  43828 |  37765 |   6063 |   6888 |  21370 |  39 | 1123.8 |
       Dungeon |  14704 |  12037 |   2667 |   1019 |   8600 |  15 |  980.3 |
        Temple |     17 |      1 |     16 |      0 |      0 |   1 |   17.0 |
          Lair |   9622 |   7705 |   1917 |   1350 |   4814 |   5 | 1924.4 |
        Shoals |   5026 |   4732 |    294 |   1187 |   2392 |   4 | 1256.5 |
     Snake Pit |   7997 |   7495 |    502 |   1928 |   2902 |   4 | 1999.2 |
    Slime Pits |   2330 |   2070 |    260 |    190 |   1348 |   5 |  466.0 |
  Orcish Mines |   2475 |   2073 |    402 |    670 |    911 |   2 | 1237.5 |
   Elven Halls |    925 |    923 |      2 |    306 |    190 |   1 |  925.0 |
        Vaults |      6 |      6 |      0 |      0 |      0 |   1 |    6.0 |
         Sewer |    720 |    720 |      0 |    238 |    212 |   1 |  720.0 |
               +--------+--------+--------+--------+--------+-----+--------+

Top non-repeatable levels by time:
 Snake:1: 2633 daAuts
  Lair:5: 2343 daAuts
 Snake:3: 2222 daAuts
  Lair:3: 2107 daAuts
Shoals:4: 2025 daAuts
  Lair:2: 1842 daAuts
  Lair:4: 1755 daAuts
   Orc:2: 1685 daAuts
 Snake:4: 1669 daAuts
  Lair:1: 1573 daAuts
 Snake:2: 1472 daAuts
     D:9: 1382 daAuts
    D:10: 1206 daAuts
     D:7: 1204 daAuts
     D:3: 1140 daAuts
